Construct Section Command Post
Construct Platoon Command Post
Unlock Bishop Self-propelled Artillery
Construct Field Infirmary
Selects Indian Artillery Battlegroup
Selects Artillery Saturation
Selects Off-map Airburst Barrage
Bishop Self-propelled Artillery
6-pounder Anti-tank Gun Team
Bishop Self-propelled Artillery
Selects Gurkha Rifles Section
Construct Company Command Post
Unlock M3 Grant Medium Tanks
Selects Volunteer Infantry
Selects BL5.5 Artillery Emplacement